 Dungeon Crawl Stone Soup version 0.25-a0-294-gea9b1ad378 (webtiles) character file.

Game seed: 16808915546912610092, levelgen mode: deterministic

60 Redear the Insei (level 3, 0/29 HPs)
             Began as a Mummy Monk on Dec 18, 2019.
             Slain by an adder (4 damage)
             ... on level 3 of the Dungeon.
             The game lasted 00:02:19 (2663 turns).

Redear the Insei (Mummy Monk)                       Turns: 2663, Time: 00:02:20

Health: 0/29       AC:  0    Str: 14    XL:     3   Next: 82%
Magic:  3/3        EV: 13    Int:  9    God:
Gold:   101        SH:  0    Dex: 15    Spells: 2/2 levels left

rFire    x . .     SeeInvis .     - Unarmed
rCold    + . .     Gourm    .   (no shield)
rNeg     + + +     Faith    .   (no armour)
rPois    ∞         Spirit   .   (no helmet)
rElec    .         Reflect  .   (no cloak)
rCorr    .         Harm     .   (no gloves)
MR       .....                  (no boots)
Stlth    ++........             (no amulet)
HPRegen  0.09/turn              (no ring)
MPRegen  0.08/turn              (no ring)

@: no status effects
A: no food or potions, fire vulnerability, cold resistance 1, negative energy
resistance 3, torment resistance, unbreathing
a: no special abilities


You were on level 3 of the Dungeon.
You were not hungry.

You visited 1 branch of the dungeon, and saw 3 of its levels.

You collected 101 gold pieces.

Inventory:

Armour
 a - a +0 robe
Scrolls
 b - a scroll of identify {unknown}
 c - a scroll of teleportation {unknown}
 d - a scroll of fog {unknown}


   Skills:
 - Level 3.0 Fighting
 - Level 2.4 Dodging
 - Level 1.5 Stealth
 + Level 4.0 Unarmed Combat


You had 2 spell levels left.
You didn't know any spells.
Your spell library was empty.

Dungeon Overview and Level Annotations

Branches:
Dungeon (3/15)

Altars:
Elyvilon


Innate Abilities, Weirdness & Mutations

You do not eat or drink.
Your flesh is vulnerable to fire.
You are immune to poison.
Your flesh is cold resistant. (rC+)
You are immune to negative energy. (rN+++)
You are immune to unholy pain and torment.
You can survive without breathing.


Message History

Unknown command.
Unknown command.
Okay, then.
Unknown command.
You barely miss the adder.
The adder is lightly wounded.
The adder barely misses you.
You hit the adder.
The adder is moderately wounded.
The adder barely misses you.
You closely miss the adder.
The adder is moderately wounded.
The adder barely misses you.
You barely miss the adder.
The adder is moderately wounded.
The adder closely misses you.
You barely miss the adder.
The adder is moderately wounded.
The adder bites you.
You die...

# ######## ......)...
##### #.######. #....
.....#. #
#.#.##########...#.
#.#.#......†...#...#.
#.#.#.##<#####.#.....
#...@............#...
#..)#S#.######.########
#####.#.........
#......#.#######
#......###.# ######.#
#.# ... (.# ##.#####
..#


You could see an adder.

Vanquished Creatures
  2 adders (D:2)
  An ooze (D:2)
  A leopard gecko (D:2)
  7 bats
  2 giant cockroaches
  4 goblins
  3 hobgoblins
  3 jackals (D:2)
  2 kobolds (D:1)
  6 frilled lizards
  5 rats
36 creatures vanquished.

Notes
Turn   | Place    | Note
-------+----------+-------------------------------------------
     0 | D:1      | Redear the Mummy Monk began the quest for the Orb.
     0 | D:1      | Reached XP level 1. HP: 18/18 MP: 1/1
   181 | D:1      | You fall into a shaft and drop 1 floor!
   220 | D:2      | Reached XP level 2. HP: 14/24 MP: 2/2
   340 | D:2      | Reached skill level 3 in Unarmed Combat
   646 | D:1      | HP: 2/24 [frilled lizard (3)]
  1492 | D:2      | HP: 1/24 [adder (5)]
  1493 | D:2      | Reached XP level 3. HP: 1/29 MP: 3/3
  2589 | D:2      | Found a white marble altar of Elyvilon.
  2603 | D:2      | Reached skill level 4 in Unarmed Combat
  2663 | D:3      | Slain by an adder

Levels and vault maps discovered:
D:1:      roderic_dead_forest, layout_loops_ring
D:2:      layout_basic, elyvilon_altar_5
D:3:      layout_basic, first_ration, uniq_natasha

Skill      XL: |  1  2  3 |
---------------+----------+-----
Unarmed Combat | 3 4 |  4.0
Fighting       | |  3.0
Dodging        | |  2.4
Stealth        | |  1.5

Action                   || total
-------------------------++-------
Melee: Unarmed           ||   128
       Punch             ||     1
 Stab: Sleeping          ||    10
Dodge: Dodged            ||    81

Table legend:
 A = Non-vault XP
 B = Vault XP
 C = Vault XP percentage of total XP
 D = Non-vault monster count
 E = Vault monster count
 F = Vault count percentage of total count
                 A         B        C        D         E       F
            +---------+---------+-------+---------+---------+-------
      Total |      87 |       0 |   0.0 |      36 |       0 |   0.0
            +---------+---------+-------+---------+---------+-------
        D:1 |      23 |       0 |   0.0 |      14 |       0 |   0.0
        D:2 |      60 |       0 |   0.0 |      19 |       0 |   0.0
        D:3 |       4 |       0 |   0.0 |       3 |       0 |   0.0
            +---------+---------+-------+---------+---------+-------
